 Dungeon Crawl Stone Soup version 0.21.1-1-g345015fe64 (webtiles) character file.

101382 RaHiT the Spry (level 15, -4/69 HPs)
             Began as a Felid Wizard on Apr 17, 2018.
             Was a High Priest of Ashenzari.
             Shot with a bolt by a yaktaur (38 damage)
             ... led by a yaktaur captain
             ... on level 1 of the Vaults on May 4, 2018.
             The game lasted 10:53:32 (69088 turns).

RaHiT the Spry (Felid Wizard)                      Turns: 69088, Time: 10:53:35

Health: -4/69      AC:  3    Str:  3    XL:     15   Next: 46%
Magic:  33/53      EV: 31    Int: 26    God:    Ashenzari [*****.]
Gold:   3193       SH:  0    Dex: 13    Spells: 3/44 levels left
                                        Lives:  0   Deaths: 3

rFire    . . .     SeeInvis +   (weapon unavailable)
rCold    + . .     Gourm    .   (shield unavailable)
rNeg     . . .     Faith    .   (armour unavailable)
rPois    .         Spirit   .   (helmet unavailable)
rElec    .         Reflect  .   (cloak unavailable)
rCorr    .         Harm     .   (gloves unavailable)
MR       ++...     Clarity  +   (boots unavailable)
Stlth    ++........             F - amulet of magic regeneration (curse)
HPRegen  0.21/turn              i - ring of magical power (curse)
MPRegen  0.58/turn              y - ring of magical power (curse)

@: studying 2 skills, quick
A: very small, no armour, no weapons or thrown items, stealth, claws 1, fangs 3,
see invisible, carnivore, clumsy 1, speed 1, shaggy fur 3, slow metabolism 1,
sharp paws
}: 1/15 runes: decaying
a: Curse Item, Scrying, Transfer Knowledge, Renounce Religion


You were on level 1 of the Vaults.
You worshipped Ashenzari.
Ashenzari was extremely pleased with you.
You were very full.

You visited 6 branches of the dungeon, and saw 29 of its levels.
You also visited: Labyrinth, Sewer and Ice Cave.

You collected 3457 gold pieces.
You spent 264 gold pieces at shops.

Inventory:

Jewellery
 i - a cursed ring of magical power (left paw)
 y - a cursed ring of magical power (right paw)
 F - a cursed amulet of magic regeneration (around neck)
 T - a +5 amulet of reflection
Wands
 r - a wand of scattershot (6)
 s - a wand of iceblast (5)
 t - a wand of polymorph (10)
 C - a wand of flame (19)
 E - a wand of paralysis (29)
 K - a wand of digging (31)
 U - a wand of random effects (19)
 Y - a wand of acid (10)
 Z - a wand of clouds (5)
Scrolls
 a - a scroll of summoning
 d - 5 scrolls of teleportation
 e - 2 scrolls of fear
 g - a scroll of amnesia
 j - 2 scrolls of noise
 k - a scroll of fog
 m - 6 scrolls of identify
 u - 4 scrolls of immolation
 v - 3 scrolls of remove curse
 D - a scroll of silence
 G - 2 scrolls of magic mapping
 I - 2 scrolls of blinking
 M - 3 scrolls of vulnerability
 S - 2 scrolls of holy word
Potions
 c - 2 potions of agility
 f - 5 potions of mutation
 h - a potion of lignification
 l - 11 potions of heal wounds
 p - 2 potions of ambrosia
 w - 6 potions of flight
 x - 3 potions of brilliance
 z - 8 potions of curing
 A - 9 potions of might
 B - 2 potions of berserk rage
 H - a potion of magic
 Q - a potion of cancellation
 W - a potion of invisibility
Books
 n - a book of the Tempests

   Spells                             Type                      Level
   a - Static Discharge               Conjuration/Air              3
   b - Lightning Bolt                 Conjuration/Air              5
   c - Ignition                       Fire                         8
   d - Tornado                        Air                          9
   e - Shatter                        Earth                        9
 q - a book of Alchemy

   Spells                             Type                      Level
   a - Sublimation of Blood           Necromancy                   2
   b - Ignite Poison                  Fire/Transmutation/Poison    3
   c - Petrify                        Transmutation/Earth          4
   d - Alistair's Intoxication        Transmutation/Poison         5
   e - Irradiate                      Conjuration/Transmutation    5
 N - a manual of Conjurations
 O - a book of Transfigurations

   Spells                             Type                      Level
   a - Irradiate                      Conjuration/Transmutation    5
   b - Statue Form                    Transmutation/Earth          6
   c - Hydra Form                     Transmutation                6
   d - Dragon Form                    Transmutation                7
 P - a manual of Invocations
 R - a manual of Invocations
Miscellaneous
 J - a sack of spiders
 L - a box of beasts
 V - a fan of gales
Comestibles
 b - 39 rations
 o - a chunk of flesh


   Skills:
 - Level 10.1 Fighting
 - Level 18.4 Dodging
 - Level 15.0 Spellcasting
 - Level 14.0(17.5) Conjurations
 - Level 7.5(11.5) Hexes
 - Level 6.3(10.3) Summonings
 - Level 3.2(6.7) Translocations
 * Level 9.5(13.3) Fire Magic
 - Level 6.1(10.1) Ice Magic
 - Level 6.1(10.1) Air Magic
 - Level 2.3(5.4) Poison Magic
 - Level 6.0(10.1) Evocations


You had 3 spell levels left.
You knew the following spells:

 Your Spells              Type           Power        Failure   Level  Hunger
a - Lightning Bolt        Conj/Air       #######...   1%          5    #......
b - Bolt of Cold          Conj/Ice       #######...   1%          6    ####...
c - Confuse               Hex            ######..     1%          3    None
d - Sublimation of Blood  Necr           ###.......   3%          2    None
e - Mephitic Cloud        Conj/Pois/Air  ######..     1%          3    None
f - Conjure Flame         Conj/Fire      #######.     0%          3    None
g - Blink                 Tloc           N/A          1%          2    None
i - Airstrike             Air            ######....   1%          4    None
j - Dazzling Spray        Conj/Hex       ######       1%          3    None
k - Summon Ice Beast      Ice/Summ       ######..     1%          4    None
l - Statue Form           Tmut/Erth      ###......    97%         6    ####...


Dungeon Overview and Level Annotations

Branches:
Dungeon (15/15)            Temple (1/1) D:5            Lair (6/6) D:11
  Swamp (4/4) Lair:3        Snake (0/4) Lair:2        Slime (0/5) Lair:6
    Orc (2/2) D:9             Elf (0/3) Orc:2        Vaults (1/5) D:13
 Depths (0/5) D:15

Altars:
Ashenzari
Cheibriados
Dithmenos
Elyvilon
Fedhas
Gozag
Hepliaklqana
Kikubaaqudgha
Makhleb
Nemelex Xobeh
Okawaru
Qazlal
Ru
Sif Muna
Trog
Uskayaw
Vehumet
Wu Jian
Xom
Yredelemnul
Zin
The Shining One
Beogh
Jiyva

Shops:
D:4 [   D:13 *%=?%   Orc:2 (=[*

Annotations:
Swamp:4 Bai Suzhen


Innate Abilities, Weirdness & Mutations

You cannot wear armour.
You are incapable of wielding weapons or throwing items.
Your paws allow you to move quietly. (Stealth)
You have sharp claws.
You have razor-sharp teeth.
You have supernaturally acute eyesight. (SInv)
You are carnivorous and can eat meat at any time.
You cover ground quickly.
Your thick and shaggy fur keeps you warm. (AC +3, rC+)
You have a slow metabolism.
Your sharp claws are effective at attacking unaware monsters.
You are clumsy. (Dex -2)


Message History

Casting: Lightning Bolt
Confirm with . or Enter, or press ? or * to list all spells.
Aiming: Lightning Bolt
Press: ? - help, Shift-Dir - straight line, f/p - yaktaur
Aim: a yaktaur, wielding an arbalest (severely wounded)
You hear a mighty clap of thunder!
The bolt of lightning hits the yaktaur.
You kill the yaktaur!
Casting: Lightning Bolt
Confirm with . or Enter, or press ? or * to list all spells.
Aiming: Lightning Bolt
Press: ? - help, Shift-Dir - straight line, f - yaktaur
Aim: a yaktaur, quivering 11 bolts and carrying an arbalest of velocity You hear a mighty clap of thunder!
The bolt of lightning hits the yaktaur.
The yaktaur is moderately wounded.
The yaktaur wields an arbalest of velocity.
The yaktaur shoots a bolt.
The bolt hits you!!!
Ouch! That really hurt!
You die...

#..# #..#
#..# #..#
#..# #..#
#..# #..#
#@.# * #*
#..# ,,
..,,,,#..#
,,,... ,
#(.# *
....,{#(.#
,,
.....,#..#
,
....c.#..#
* ,
......c..#
* *
*#######..#


You could see a yaktaur.

Vanquished Creatures
  Nikola (Vaults:1)
  Rupert (D:13)
  Jorgrun (Vaults:1)
  A thorn hunter (Swamp:2)
  Kirke (Lair:5)
  A deep elf sorcerer (Vaults:1)
  A vault warden (Vaults:1)
  Aizul (Swamp:2)
  An orc warlord (Orc:1)
  Louise (Swamp:2)
  An ironheart preserver (D:13)
  A stone giant (Orc:2)
  An entropy weaver (Lair:6)
  A deep elf demonologist (Vaults:1)
  An ettin (Orc:2)
  The ghost of drd the Blocker, a journeyman OpAs of Dithmenos (D:14)
  Josephine (D:12)
  A minotaur (Lab)
  A great orb of eyes (Vaults:1)
  4 yaktaur captains (Vaults:1)
  9 hydras
  Fannar (D:13)
  A rakshasa (D:15)
  5 ice dragons
  Harold (D:12)
  2 ghost crabs (Swamp:3)
  8 vault guards (D:13)
  6 centaur warriors
  2 catoblepae (Lair:6)
  A death knight (Vaults:1)
  Erica (Orc:1)
  An ogre mage (Vaults:1)
  3 tengu warriors
  10 two-headed ogres
  2 orc high priests (Orc:2)
  2 death yaks (Lair:6)
  Sonja (Lair:4)
  A wizard (Vaults:1)
  A death drake (Swamp:2)
  4 unseen horrors
  2 spriggan druids
  A glowing orange brain (D:15)
  4 spectral hydras (Swamp:2)
  A deep elf archer (Vaults:1)
  4 ironbrand convokers (Vaults:1)
  A wolf spider zombie (D:13)
  2 shambling mangroves
  A necromancer (Swamp:2)
  6 orc knights
  2 swamp dragons
  4 harpies (Vaults:1)
  2 deep elf magi (Vaults:1)
  A manticore (shapeshifter) (D:15)
  5 manticores
  2 orc sorcerers (Orc:2)
  16 ugly things
  3 cyclopes
  2 vault sentinels (Vaults:1)
  4 black mambas
  Psyche (D:8)
  3 centaur zombies
  5 elephants
  A gargoyle (D:15)
  A spiny frog (shapeshifter) (D:15)
  2 kobold demonologists (Swamp:2)
  2 efreet (D:15)
  14 spiny frogs
  7 swamp worm zombies (Swamp:2)
  7 freezing wraiths
  2 rime drakes (IceCv)
  4 yaktaurs
  A komodo dragon (Lair:2)
  2 trolls
  3 tyrant leeches
  7 hornets
  2 polar bears (Lair:4)
  13 bog bodies
  A meliai zombie (D:15)
  6 blink frogs
  A spectral swamp dragon (Swamp:2)
  21 slime creatures
  6 hippogriffs
  5 alligator zombies (Swamp:2)
  2 spriggans
  A redback (shapeshifter) (D:15)
  A wyvern (Lair:5)
  A hog (Lair:5)
  13 yaks
  2 vampires
  10 wraiths
  3 shadows
  A basilisk (Lair:3)
  4 tyrant leech zombies (Swamp:2)
  5 swamp worm simulacra (Swamp:4)
  4 hungry ghosts
  A warg (Orc:1)
  A steam dragon (D:10)
  7 soldier ants (Lair:6)
  23 vampire mosquitoes
  13 swamp worms
  4 acid dragons
  2 nagas (Lair:2)
  10 water moccasins
  10 insubstantial wisps
  15 hydra simulacra (Swamp:4)
  A porcupine (shapeshifter) (Vaults:1)
  A floating eye (shapeshifter) (D:15)
  28 orc warriors
  8 porcupines
  A sky beast (D:9)
  4 swamp drakes
  25 ice beasts
  A black bear (D:7)
  A phantom (D:6)
  4 necrophages
  3 wolves (Lair:3)
  10 centaurs
  4 ogres
  4 crocodiles
  2 big kobolds
  8 bullfrogs
  2 scorpions
  8 killer bees
  A troll zombie (D:15)
  6 wights
  2 electric eels
  4 lava snakes (Lab)
  6 crimson imps
  A bullfrog zombie (D:13)
  4 human zombies (D:15)
  4 hounds
  15 orc priests
  A bullfrog skeleton (D:9)
  5 jellies
  15 orc wizards
  4 centaur skeletons
  2 human skeletons (D:15)
  An iguana (D:8)
  7 hell rats (Lair:1)
  16 worker ants
  An ogre zombie (D:15)
  A worker ant zombie (D:7)
  A mummy (D:15)
  12 river rats
  8 adders
  4 shadow imps
  3 oozes
  3 swamp drake simulacra (Swamp:4)
  2 adder zombies (D:5)
  4 adder skeletons
  2 dart slugs
  2 worms
  4 leopard geckos
  46 orcs
  4 ball pythons (Sewer)
  6 bats
  6 giant cockroaches
  7 goblins
  7 hobgoblins
  10 jackals
  9 quokkas
  8 frilled lizards
  20 kobolds
  A quokka zombie (D:8)
  36 rats
  6 fungi
  11 plants (Lair:3)
831 creatures vanquished.

Vanquished Creatures (collateral kills)
  An entropy weaver (Lair:6)
  Nessos (Lair:5)
  5 hydras
  A catoblepas (Lair:6)
  A queen ant (Lair:6)
  4 death yaks (Lair:6)
  2 orc high priests (Orc:2)
  A large abomination (Swamp:2)
  A spectral hydra (Swamp:2)
  A spriggan druid (Swamp:3)
  2 swamp dragons (Swamp:1)
  2 orc knights (Orc:2)
  3 orc sorcerers
  An oklob plant (Lair:3)
  An ugly thing (D:12)
  4 elephants
  A black mamba (Lair:2)
  4 spiny frogs
  A centaur skeleton (D:14)
  4 komodo dragons
  A troll (D:14)
  4 tyrant leeches
  An alligator zombie (Swamp:2)
  A hornet (Swamp:2)
  5 blink frogs
  A bog body (Swamp:2)
  4 slime creatures
  6 hippogriffs
  Sigmund (D:3)
  A wraith (D:12)
  21 yaks
  A spriggan (Swamp:3)
  2 wyverns
  A basilisk (Lair:6)
  3 hogs (Lair:5)
  2 steam dragons
  A vampire mosquito (Swamp:3)
  2 nagas (Lair:2)
  3 wargs
  8 soldier ants (Lair:6)
  An acid dragon (D:10)
  4 swamp worms
  Duvessa (D:5)
  19 orc warriors
  3 water moccasins
  2 swamp drakes
  A sky beast (D:13)
  The ghost of Norrik the Skirmisher, an amateur MiMo (D:3)
  A black bear (Lair:4)
  5 ogres
  An eye of draining (D:9)
  A necrophage (D:11)
  4 boggarts (Lair:4)
  5 centaurs
  3 big kobolds
  6 crocodiles
  6 bullfrogs
  3 scorpions
  Dowan (D:5)
  A spriggan zombie (Swamp:2)
  3 troll zombies (Swamp:2)
  2 wights (D:14)
  An electric eel (Lair:1)
  2 crimson imps
  3 hounds
  9 orc priests
  3 jellies
  2 iguanas (D:6)
  11 orc wizards
  3 bullfrog skeletons
  8 worker ants
  3 gnolls (Orc:2)
  4 adders
  10 river rats
  4 oozes
  3 worms (D:5)
  A dart slug (D:3)
  33 orcs
  A goblin (D:3)
  4 jackals
  A quokka (D:10)
  A bat (D:3)
  A frilled lizard (D:3)
  17 kobolds
  5 rats
  4 fungi
  7 plants (Lair:3)
325 creatures vanquished.

Vanquished Creatures (others)
  An unseen horror (D:15)
  2 shambling mangroves
  A spiny frog (Swamp:4)
  6 hornets (Swamp:4)
  3 spriggans (Swamp:4)
  An insubstantial wisp (Swamp:3)
  A bullfrog (D:15)
  An orc (Orc:1)
  20 fungi
  27 plants
  6 withered plants (Swamp:2)
69 creatures vanquished.

Grand Total: 1225 creatures vanquished

Notes
Turn   | Place    | Note
-------+----------+-------------------------------------------
     0 | D:1      | RaHiT the Felid Wizard began the quest for the Orb.
     0 | D:1      | Reached XP level 1. HP: 7/7 MP: 5/5
    40 | D:1      | Reached skill level 1 in Conjurations
   247 | D:1      | Reached skill level 3 in Dodging
   247 | D:1      | Reached XP level 2. HP: 7/11 MP: 1/7
   458 | D:1      | Found a snail-covered altar of Cheibriados.
  1325 | D:1      | Learned a level 2 spell: Call Imp
  1328 | D:1      | Learned a level 2 spell: Blink
  1331 | D:1      | Learned a level 2 spell: Slow
  1338 | D:2      | Reached XP level 3. HP: 14/14 MP: 8/8
  2173 | D:2      | Reached skill level 1 in Hexes
  2173 | D:2      | Reached XP level 4. HP: 16/18 MP: 10/10
  2285 | D:2      | Learned a level 3 spell: Mephitic Cloud
  2495 | D:2      | Reached skill level 1 in Fighting
  3477 | D:3      | Noticed Norrik's ghost (amateur MiMo)
  3713 | D:3      | Noticed Sigmund
  3785 | D:3      | Killed Norrik's ghost
  3785 | D:3      | Reached XP level 5. HP: 23/23 MP: 12/12
  4165 | D:4      | Noticed an ice beast
  4185 | D:4      | HP: 1/23 [ice beast (9)]
  5220 | D:4      | Gained mutation: You are covered in thick fur. (AC +2) [Felid growth]
  5220 | D:4      | Reached XP level 6. HP: 28/28 MP: 12/13
  5232 | D:4      | Learned a level 3 spell: Conjure Flame
  5283 | D:4      | Found Wauxi's Antique Armour Shop.
  5393 | D:4      | Killed an ice beast
  5393 | D:4      | Reached skill level 5 in Spellcasting
  5813 | D:5      | Entered Level 5 of the Dungeon
  5826 | D:5      | Found a sacrificial altar of Ru.
  5827 | D:5      | Noticed Dowan
  5833 | D:5      | Noticed Duvessa
  5937 | D:5      | Found a glowing drain.
  5944 | Sewer    | Entered a sewer
  6321 | Sewer    | Reached skill level 1 in Air Magic
  6438 | Sewer    | Reached skill level 1 in Fire Magic
  6666 | Sewer    | Reached skill level 1 in Poison Magic
  6811 | Sewer    | Reached XP level 7. HP: 29/31 MP: 15/15
  7413 | D:5      | Got a coiled tin ring
  7453 | D:5      | Found a staircase to the Ecumenical Temple.
  7459 | Temple   | Entered the Ecumenical Temple
  7621 | D:5      | Identified the ring of Beogh's Displeasure {rPois SInv Stlth+} (You found it on level 5 of the Dungeon)
  7870 | D:6      | Found a sparkling altar of Nemelex Xobeh.
  7894 | D:6      | Found a blossoming altar of Fedhas.
  7976 | D:6      | Found a shimmering altar of Xom.
  9500 | D:3      | Killed Sigmund
  9500 | D:3      | Reached XP level 8. HP: 28/34 MP: 18/18
  9662 | D:5      | Killed Dowan
  9752 | D:5      | Killed Duvessa
 11780 | D:8      | Noticed a two-headed ogre
 11948 | D:8      | Killed a two-headed ogre
 11948 | D:8      | Reached skill level 5 in Hexes
 11948 | D:8      | Reached skill level 5 in Summonings
 11948 | D:8      | Reached XP level 9. HP: 37/37 MP: 22/22
 11969 | D:8      | Found an iron altar of Okawaru.
 11974 | D:8      | Found a shadowy altar of Dithmenos.
 11976 | D:8      | Found a hazy altar of Hepliaklqana.
 11976 | D:8      | Found a deep blue altar of Sif Muna.
 11976 | D:8      | Found a hide-covered altar of Uskayaw.
 11980 | D:8      | Found a shattered altar of Ashenzari.
 11986 | D:8      | Became a worshipper of Ashenzari the Shackled
 12126 | D:8      | Noticed Psyche
 12148 | D:8      | Killed Psyche
 13520 | D:9      | Noticed a two-headed ogre
 13581 | D:9      | Killed a two-headed ogre
 13961 | D:9      | Reached * piety under Ashenzari
 13991 | D:9      | Found a staircase to the Orcish Mines.
 14030 | D:9      | Reached XP level 10. HP: 42/42 MP: 23/23
 14829 | D:10     | Entered Level 10 of the Dungeon
 16265 | D:10     | Reached ** piety under Ashenzari
 16312 | D:11     | Noticed a two-headed ogre
 16841 | D:11     | Found a staircase to the Lair.
 16889 | D:11     | Learned a level 3 spell: Confuse
 16892 | D:11     | Learned a level 2 spell: Ensorcelled Hibernation
 16896 | D:11     | Learned a level 3 spell: Tukima's Dance
 16900 | D:11     | Learned a level 3 spell: Dazzling Spray
 17024 | D:11     | Reached skill level 10 in Spellcasting
 17303 | D:11     | Killed a two-headed ogre
 17303 | D:11     | Reached skill level 5 in Dodging
 17631 | D:11     | Reached skill level 6 in Dodging
 17835 | Lair:1   | Entered Level 1 of the Lair of Beasts
 17924 | Lair:1   | Reached skill level 7 in Dodging
 17935 | Lair:1   | Noticed a five-headed hydra
 17965 | Lair:1   | Killed a five-headed hydra
 17965 | Lair:1   | Reached skill level 8 in Dodging
 18014 | Lair:1   | Noticed a spiny frog
 18044 | Lair:1   | Killed a spiny frog
 18200 | Lair:1   | Noticed a spiny frog
 18228 | Lair:1   | Killed a spiny frog
 18228 | Lair:1   | Reached skill level 9 in Dodging
 18862 | Lair:1   | Reached *** piety under Ashenzari
 18901 | Lair:1   | Reached XP level 11. HP: 45/45 MP: 17/26
 20014 | Lair:2   | Reached skill level 10 in Dodging
 20749 | Lair:2   | Reached skill level 5 in Fighting
 22385 | Lair:2   | Found a staircase to the Snake Pit.
 23270 | Lair:3   | Found a staircase to the Swamp.
 23638 | Lair:3   | Noticed a four-headed hydra
 23649 | Lair:3   | Killed a four-headed hydra
 23815 | Lair:3   | Noticed an oklob plant
 23962 | Lair:3   | Killed an oklob plant
 24500 | Lair:3   | Reached skill level 10 in Fighting
 25057 | Lair:3   | Gained mutation: Your thick and shaggy fur keeps you warm. (AC +3, rC+) [Felid growth]
 25057 | Lair:3   | Reached XP level 12. HP: 58/58 MP: 4/27
 26932 | Lair:4   | Reached **** piety under Ashenzari
 27264 | Lair:4   | Noticed a seven-headed hydra
 27295 | Lair:4   | Killed a seven-headed hydra
 27295 | Lair:4   | Reached skill level 5 in Fire Magic
 27954 | Lair:4   | Noticed Sonja
 27971 | Lair:4   | Killed Sonja
 29182 | Lair:5   | Reached ***** piety under Ashenzari
 29290 | Lair:5   | Noticed an eight-headed hydra
 29324 | Lair:5   | Killed an eight-headed hydra
 29449 | Lair:5   | Noticed Kirke
 29599 | Lair:5   | Reached skill level 11 in Dodging
 29759 | Lair:5   | Noticed a sphinx
 30265 | Lair:5   | Noticed Nessos
 30359 | Lair:5   | Shot with an arrow by Nessos
 30360 | Lair:5   | Reached XP level 11. HP: -5/54 MP: 44/44
 30383 | Lair:5   | Killed Kirke
 30423 | Lair:5   | Killed Nessos
 30423 | Lair:5   | Reached skill level 5 in Evocations
 30981 | Lair:6   | Entered Level 6 of the Lair of Beasts
 31037 | Lair:6   | Found a viscous altar of Jiyva.
 31037 | Lair:6   | Found a staircase to the Slime Pits.
 31047 | Lair:6   | Learned a level 4 spell: Summon Ice Beast
 31277 | Lair:6   | Noticed a death yak
 31339 | Lair:6   | Killed a death yak
 31339 | Lair:6   | Reached skill level 1 in Ice Magic
 31410 | Lair:6   | Reached XP level 12. HP: 58/58 MP: 20/27
 31762 | Lair:6   | Noticed a death yak
 31767 | Lair:6   | Noticed a catoblepas
 31851 | Lair:6   | Killed a catoblepas
 32288 | Lair:6   | Noticed an entropy weaver
 32301 | Lair:6   | Noticed an entropy weaver
 32306 | Lair:6   | Noticed a queen ant
 32416 | Lair:6   | Learned a level 5 spell: Lightning Bolt
 32440 | Lair:6   | Noticed a death yak
 32448 | Lair:6   | Noticed a death yak
 32451 | Lair:6   | Reduced skill Stealth to level 1
 32452 | Lair:6   | Noticed a catoblepas
 32454 | Lair:6   | Noticed a death yak
 32571 | Lair:6   | Killed a catoblepas
 32620 | Lair:6   | Noticed a death yak
 32664 | Lair:6   | Killed a death yak
 32664 | Lair:6   | Reached skill level 5 in Ice Magic
 32798 | Lair:6   | Killed a death yak
 32811 | Lair:6   | Killed a death yak
 32933 | Lair:6   | Killed a death yak
 33233 | Lair:6   | Killed an entropy weaver
 33936 | Lair:6   | Killed an entropy weaver
 34302 | Lair:6   | Killed a death yak
 34658 | Lair:6   | Killed a queen ant
 34792 | Lair:6   | Noticed a catoblepas
 34805 | Lair:6   | Killed a catoblepas
 34841 | Lair:6   | Identified the cursed ring "Jacvehir" {*Drain rC- rN+ Str+8 Stlth+}
 35235 | Lair:1   | Learned a level 4 spell: Airstrike
 35324 | Orc:1    | Entered Level 1 of the Orcish Mines
 35336 | Orc:1    | Reached XP level 13. HP: 53/61 MP: 8/29
 35894 | Orc:1    | Noticed Erica
 35913 | Orc:1    | Killed Erica
 36089 | Orc:2    | Entered Level 2 of the Orcish Mines
 36092 | Orc:2    | Noticed a stone giant
 37033 | Orc:2    | Killed a stone giant
 37297 | Orc:2    | Found a roughly hewn altar of Beogh.
 37307 | Orc:2    | Paralysed by an orc sorcerer for 7 turns
 37322 | Orc:1    | Reached skill level 12 in Dodging
 37552 | Orc:2    | Found Tevesi's Assorted Antiques.
 37892 | Orc:2    | Bought an iron wand for 92 gold pieces
 37892 | Orc:2    | Bought a potion of curing for 69 gold pieces
 37892 | Orc:2    | Bought a scroll of remove curse for 69 gold pieces
 38151 | Orc:2    | Noticed an ettin
 38186 | Orc:2    | Killed an ettin
 38264 | Orc:2    | Gained mutation: You are clumsy. (Dex -2) [a neqoxec]
 38521 | Orc:2    | Reached skill level 13 in Dodging
 38619 | Orc:2    | Found a staircase to the Elven Halls.
 38621 | Orc:2    | Noticed an orc warlord
 38762 | Orc:1    | Killed an orc warlord
 39600 | Orc:2    | Reached skill level 14 in Dodging
 39697 | Orc:2    | Found Oxypruur's General Store.
 39698 | Orc:2    | Found Vixtorr's Jewellery Shop.
 39700 | Orc:2    | Found Liucwuah's Antique Armour Shop.
 39700 | Orc:2    | Found Heoczofa's Antique Weapon Boutique.
 40193 | D:12     | Noticed Harold
 40255 | D:12     | Killed Harold
 40330 | D:12     | Noticed Fannar
 40603 | D:12     | Noticed Josephine
 41007 | D:12     | Killed Josephine
 41069 | D:11     | Reached skill level 15 in Dodging
 42572 | D:13     | Found Rudivobe's Jewellery Shoppe.
 42578 | D:13     | Bought a cursed amulet of inaccuracy for 34 gold pieces
 42628 | D:13     | Reached XP level 14. HP: 66/66 MP: 31/31
 42695 | D:13     | Found a frozen archway.
 42828 | D:13     | Reached skill level 5 in Air Magic
 42910 | IceCv    | Entered an ice cave
 44206 | D:13     | Killed Fannar
 44439 | D:13     | Found Haajiwk's Food Boutique.
 44814 | D:13     | Found a gate to the Vaults.
 44993 | D:13     | Reached skill level 10 in Conjurations
 45285 | D:13     | Found Zuifivi's General Store.
 45556 | D:13     | Noticed Rupert
 45579 | D:13     | Killed Rupert
 45746 | D:13     | Found Duezal's Magic Scroll Shoppe.
 45849 | D:13     | Found Cytoleir's Food Shop.
 46039 | D:13     | Reached ****** piety under Ashenzari
 46140 | D:14     | Found a labyrinth entrance.
 46179 | Lab      | Entered a labyrinth
 48118 | D:14     | Noticed drd's ghost (journeyman OpAs)
 48495 | D:14     | Killed drd's ghost
 49365 | D:14     | Reached XP level 15. HP: 69/69 MP: 25/32
 49578 | D:14     | Found a shimmering altar of Xom.
 49580 | D:14     | Found a shadowy altar of Dithmenos.
 49580 | D:14     | Found a blossoming altar of Fedhas.
 49582 | D:14     | Found a glowing silver altar of Zin.
 49582 | D:14     | Found an iron altar of Okawaru.
 49582 | D:14     | Found an ancient bone altar of Kikubaaqudgha.
 49836 | D:15     | Entered Level 15 of the Dungeon
 50129 | D:15     | HP: 3/69 [centaur warrior/arrow (36)]
 52328 | D:15     | Learned a level 6 spell: Statue Form
 52338 | D:15     | Learned a level 6 spell: Bolt of Cold
 52375 | D:15     | Found a staircase to the Depths.
 53026 | D:15     | Found a basalt altar of Yredelemnul.
 53323 | Swamp:1  | Entered Level 1 of the Swamp
 54211 | Swamp:2  | Noticed a thorn hunter
 54214 | Swamp:2  | Killed a thorn hunter
 54718 | Swamp:2  | Noticed Louise
 55281 | Swamp:2  | Learned a level 2 spell: Sublimation of Blood
 55307 | Swamp:2  | Killed Louise
 55728 | Swamp:2  | Found a shadowy altar of Dithmenos.
 57613 | Swamp:2  | Noticed Aizul
 57633 | Swamp:2  | Killed Aizul
 58180 | Swamp:3  | Reached skill level 15 in Spellcasting
 58188 | Swamp:2  | Reached XP level 16. HP: 47/73 MP: 4/36
 58629 | Swamp:3  | Mangled by a spectral tyrant leech
 58630 | Swamp:3  | Reached XP level 15. HP: -9/69 MP: 41/53
 59702 | Swamp:3  | Reached skill level 16 in Dodging
 60410 | Swamp:4  | Entered Level 4 of the Swamp
 61276 | Swamp:4  | Noticed Bai Suzhen
 61280 | Swamp:4  | Reached skill level 17 in Dodging
 63065 | Swamp:4  | Slain by an eight-headed hydra simulacrum
 63066 | Swamp:4  | Reached XP level 14. HP: 0/66 MP: 33/52
 64133 | Swamp:4  | Got a decaying rune of Zot
 64668 | Vaults:1 | Entered Level 1 of the Vaults
 64892 | Vaults:1 | Reached skill level 18 in Dodging
 65237 | Vaults:1 | Noticed Jorgrun
 65245 | Vaults:1 | Killed Jorgrun
 65262 | Vaults:1 | Noticed Nikola
 65269 | Vaults:1 | Killed Nikola
 65514 | Vaults:1 | Noticed a deep elf sorcerer
 65525 | Vaults:1 | Noticed an ironheart preserver
 65758 | D:13     | Killed an ironheart preserver
 65758 | D:13     | Reached XP level 15. HP: 48/69 MP: 8/35
 66287 | Vaults:1 | Noticed an Ice Fiend
 66419 | Vaults:1 | Killed a deep elf sorcerer
 67114 | Vaults:1 | Noticed a vault warden
 67132 | Vaults:1 | Killed a vault warden
 67301 | Vaults:1 | HP: 3/69 [ogre mage/bolt of fire (26)]
 68324 | Vaults:1 | Found the +7 mace of Variability {chaos}
 69088 | Vaults:1 | Shot with a bolt by a yaktaur

Skill      XL: |  1  2  3  4  5  6  7  8  9 10 11 12 13 14 15 |
---------------+----------------------------------------------+-----
Conjurations   | 1 2 3 6 13 14 | 14.0
Stealth        | 3 0 |  0.0
Dodging        | 3 9 10 11 15 18 17 | 18.4
Hexes          | 1 3 5 6 7 |  7.5
Spellcasting   | 4 5 6 8 10 11 12 15 | 15.0
Fighting       | 2 3 10 | 10.1
Air Magic      | 1 2 3 6 |  6.1
Fire Magic     | 1 2 5 7 9 |  9.5
Summonings     | 2 5 6 |  6.3
Poison Magic   | 1 2 |  2.3
Translocations | 3 |  3.2
Evocations     | 6 |  6.0
Ice Magic      | 1 6 |  6.1

Action                   |  1- 3 |  4- 6 |  7- 9 | 10-12 | 13-15 | 16-18 || total
-------------------------+-------+-------+-------+-------+-------+-------++-------
Melee: Unarmed           |    32 |    10 |    13 |    63 |    42 |       ||   160
       Bite              |     2 |       |     4 |     9 |     3 |       ||    18
 Cast: Magic Dart        |   122 |   253 |   267 |   404 |       |       ||  1046
       Call Imp          |       |    38 |   137 |   307 |    10 |       ||   492
       Slow              |       |     9 |    34 |   150 |       |       ||   193
       Blink             |       |     2 |     2 |    36 |    40 |       ||    80
       Conjure Flame     |       |     7 |    37 |    72 |   130 |       ||   246
       Mephitic Cloud    |       |     2 |    21 |    59 |    28 |       ||   110
       Dazzling Spray    |       |       |       |   290 |   114 |     4 ||   408
       Ensorcelled Hiber |       |       |       |    16 |     1 |       ||    17
       Confuse           |       |       |       |    88 |   105 |       ||   193
       Summon Ice Beast  |       |       |       |    87 |   210 |       ||   297
       Lightning Bolt    |       |       |       |    51 |   635 |     1 ||   687
       Airstrike         |       |       |       |       |   166 |     7 ||   173
       Bolt of Cold      |       |       |       |       |   109 |       ||   109
       Sublimation of Bl |       |       |       |       |     3 |       ||     3
Invok: Curse Item        |       |       |     1 |     2 |     1 |       ||     4
       Scrying           |       |       |       |     2 |     3 |       ||     5
       Transfer Knowledg |       |       |       |     1 |       |       ||     1
Evoke: Wand              |       |       |     1 |    21 |   138 |     4 ||   164
       Fan of gales      |       |       |       |       |     1 |       ||     1
  Use: Scroll            |       |     9 |     7 |     9 |    18 |       ||    43
       Potion            |       |     3 |     4 |     3 |     5 |       ||    15
 Stab: Paralysed         |       |       |     9 |       |    19 |       ||    28
       Sleeping          |       |       |       |     2 |       |       ||     2
       Invisible         |       |       |       |     1 |       |       ||     1
  Eat: Chunk             |    10 |     9 |    12 |    50 |   107 |       ||   188
       Ration            |       |       |       |       |     7 |       ||     7
Armor: Skin              |     1 |     5 |     1 |     3 |    15 |       ||    25
Dodge: Dodged            |    68 |    60 |    37 |   150 |   469 |    41 ||   825
